 Dungeon Crawl Stone Soup version 0.21.1-1-g345015f (webtiles) character file.

21 Folque the Magician (level 2, -2/19 HPs)
             Began as an Octopode Wizard on Mar 25, 2018.
             Slain by a worm (9 damage)
             ... on level 2 of the Dungeon.
             The game lasted 00:03:32 (795 turns).

Folque the Magician (Octopode Wizard)                Turns: 795, Time: 00:03:33

Health: -2/19      AC:  1    Str:  6    XL:     2   Next: 83%
Magic:  4/6        EV: 13    Int: 20    God:
Gold:   67         SH:  0    Dex: 10    Spells: 2/7 levels left

rFire    . . .     SeeInvis .   i - +4 short sword (venom)
rCold    . . .     Gourm    .   (no shield)
rNeg     . . .     Faith    .   a - +0 hat
rPois    .         Spirit   .   (no amulet)
rElec    .         Reflect  .   n - ring of resist corrosion
rCorr    +         Harm     .   (no ring)
MR       .....                  (no ring)
Stlth    +++.......             (no ring)
HPRegen  0.06/turn              (no ring)
MPRegen  0.10/turn              (no ring)
                                (no ring)
                                (no ring)

@: no status effects
A: almost no armour, stealthy swim, amphibious, 8 rings, constrict 8, camouflage
1, gelatinous body 1
a: no special abilities


You were on level 2 of the Dungeon.
You were not hungry.

You visited 1 branch of the dungeon, and saw 2 of its levels.

You collected 67 gold pieces.

Inventory:

Hand Weapons
 e - a +0 club
 g - a +0 spear
 i - a +4 short sword of venom (weapon)
Armour
 a - a +0 hat (worn)
 h - a cursed +0 buckler
Jewellery
 n - a ring of resist corrosion (left tentacle)
 o - an uncursed ring of ice {unknown}
Scrolls
 f - a scroll of identify
 j - a scroll of fear {unknown}
 k - a scroll of teleportation {unknown}
 p - a scroll of fog {unknown}
Potions
 l - a potion of lignification {unknown}
 m - a potion of resistance {unknown}
Books
 b - a book of Minor Magic

   Spells                             Type                      Level
   a - Magic Dart                     Conjuration                  1
   b - Blink                          Translocation                2
   c - Call Imp                       Summoning                    2
   d - Slow                           Hexes                        2
   e - Conjure Flame                  Conjuration/Fire             3
   f - Mephitic Cloud                 Conjuration/Poison/Air       3
Comestibles
 c - a ration
 d - a chunk of flesh


   Skills:
 * Level 1.9 Fighting
 - Level 2.0 Dodging
 - Level 2.6 Stealth
 + Level 3.2 Spellcasting
 - Level 1.0 Conjurations
 - Level 1.0 Summonings
 - Level 1.0 Translocations


You had 2 spell levels left.
You knew the following spells:

 Your Spells              Type           Power        Failure   Level  Hunger
a - Magic Dart            Conj           #...         10%         1    None
b - Call Imp              Summ           #.......     14%         2    ##.....
c - Blink                 Tloc           N/A          14%         2    ##.....


Dungeon Overview and Level Annotations

Branches:
Dungeon (2/15)

Altars:


Innate Abilities, Weirdness & Mutations

You cannot wear most types of armour.
You are very stealthy in the water. (Stealth+)
You are amphibious.
You can wear up to eight rings at the same time.
You can use your tentacles to constrict eight enemies at once.
Your skin changes colour to match your surroundings (Stealth+).
Your rubbery body absorbs attacks. (AC +1, EV +1)


Message History

A goblin comes into view.
Found a twisted garnet ring.
Casting: Magic Dart
Confirm with . or Enter, or press ? or * to list all spells.
A metallic apparition takes form in the air.
You barely miss the worm. You grab the worm. You constrict the worm.
The worm bites you!
Ouch! That really hurt!
You release your grip on the worm.
The goblin misses you.
You barely miss the goblin. Your grab misses the goblin. The goblin hits you.
Some of the chunks of flesh in your inventory have rotted away.
Your iron imp hits the worm.
You puncture the goblin!
You kill the goblin!
You hit the worm.
The worm is poisoned.
You grab the worm. You squeeze the worm.
The worm is severely wounded.
You constrict the worm.
Your iron imp barely misses the worm.
The worm bites you!
You die...

#...........
#.#.........
##.#=........
#............
#...........
#........#
#.......#
#..@w5..#
#.......#
#.......#
#.<.....#
#########


You could see a worm and a friendly iron imp.

Vanquished Creatures
  A dart slug (D:1)
  2 giant cockroaches (D:1)
  5 goblins
  3 hobgoblins (D:1)
  A kobold (D:1)
  A bat (D:1)
  A frilled lizard (D:1)
  2 rats (D:1)
16 creatures vanquished.

Notes
Turn   | Place    | Note
-------+----------+-------------------------------------------
     0 | D:1      | Folque the Octopode Wizard began the quest for the Orb.
     0 | D:1      | Reached XP level 1. HP: 11/11 MP: 4/4
   223 | D:1      | Reached skill level 1 in Fighting
   231 | D:1      | Reached XP level 2. HP: 18/18 MP: 3/6
   596 | D:1      | Learned a level 2 spell: Call Imp
   599 | D:1      | Learned a level 2 spell: Blink
   795 | D:2      | Slain by a worm

Skill      XL: |  1 |
---------------+----+-----
Fighting       | 1 |  1.9
Dodging        | |  2.0
Stealth        | |  2.6
Spellcasting   | |  3.2
Conjurations   | |  1.0
Summonings     | |  1.0
Translocations | |  1.0

Action                   || total
-------------------------++-------
Melee: Club              ||     7
       Constrict         ||    11
       Unarmed           ||     5
       Tentacles         ||     4
       Spear             ||     1
       Short sword       ||    14
 Cast: Magic Dart        ||     5
       Call Imp          ||     1
  Use: Scroll            ||     1
 Stab: Sleeping          ||     7
Dodge: Dodged            ||    12
